 Dungeon Crawl Stone Soup version 0.24-a0-504-gcfb02b9d07 (webtiles) character file.

Game seed: 4507870384152599411

385017 LemonEater the Earth Mage (level 22, -3/137 HPs)
             Began as a Gargoyle Earth Elementalist on July 15, 2019.
             Was the Champion of Vehumet.
             Slain by a vampire knight
             ... wielding a +0 great sword
              (8 damage)
             ... while paralysed by a vampire knight
             ... on level 2 of the Crypt on July 16, 2019.
             The game lasted 03:14:38 (60641 turns).

LemonEater the Earth Mage (GrEE)                   Turns: 60641, Time: 03:14:39

Health: -3/137     AC: 38    Str: 15    XL:     22   Next: 97%
Magic:  33/39      EV:  2    Int: 27    God:    Vehumet [******]
Gold:   3786       SH:  0    Dex: 10    Spells: 6/48 levels left

rFire    + . .     SeeInvis +   G - +8 glaive of the Guard {elec, +Rage AC+5 SInv}
rCold    + . .     Gourm    .   (shield currently unavailable)
rNeg     + + +     Faith    .   t - +2 robe {rC+ rF+}
rPois    ∞         Spirit   .   U - +1 hat of Boiling Hail {rN+ Int+4}
rElec    +         Reflect  .   c - scarf {cloud immunity}
rCorr    .         Harm     .   l - +2 pair of gloves
MR       +....                  x - +2 pair of boots
Stlth    ++........             E - macabre finger necklace {rN+}
HPRegen  0.32/turn              k - +4 ring of protection
MPRegen  0.26/turn              n - +4 ring of slaying
                                y - ring of wizardry

@: paralysed, flying
A: big wings, repulsion field 1, negative energy resistance 1, electricity
resistance, wild magic 1, unbreathing, petrification resistance, rot immunity,
AC +16
}: 2/15 runes: barnacled, gossamer
a: Stop Flying, Renounce Religion, Evoke Berserk Rage


You were on level 2 of the Crypt.
You worshipped Vehumet.
Vehumet was exalted by your worship.
You were near starving.

You visited 9 branches of the dungeon, and saw 41 of its levels.
You visited the Abyss 2 times.
You also visited: Gauntlet and Ice Cave.

You collected 6451 gold pieces.
You spent 2665 gold pieces at shops.

Inventory:

Hand Weapons
 G - the +8 glaive of the Guard (weapon) {elec, +Rage AC+5 SInv}
   (You took it off a deep elf mage on level 3 of the Elven Halls)

   Occasionally, upon striking a foe, it will discharge some electrical energy
   and cause terrible harm.
   It affects your AC (+5).
   It lets you see invisible.
   It lets you go berserk.
 I - the +11 rapier of Disintegration {pierce, Dex+2}
   (You took it off an orc warrior on level 10 of the Dungeon)

   It inflicts extra damage upon your enemies.
   It affects your dexterity (+2).
 J - a +3 morningstar of crushing
Missiles
 C - 8 throwing nets (quivered)
Armour
 c - a scarf of cloud immunity (worn)
 l - a +2 pair of gloves (worn)
 t - a +2 robe of resistance (worn)
 x - a +2 pair of boots (worn)
 z - a +2 robe of the Archmagi
 U - the +1 hat of Boiling Hail (worn) {rN+ Int+4}
   (You found it on level 3 of the Elven Halls)

   It affects your intelligence (+4).
   It protects you from negative energy.
Jewellery
 k - a +4 ring of protection (left hand)
 n - a +4 ring of slaying (right hand)
 v - an uncursed amulet of the gourmand
 y - a ring of wizardry (on amulet)
 E - the macabre finger necklace (around neck) {rN+}
   (You found it on level 11 of the Dungeon)

   [amulet of nothing]

   It protects you from negative energy.
Wands
 o - a wand of paralysis (25)
 u - a wand of polymorph (13)
 A - a wand of acid (9)
 M - a wand of disintegration (22)
 Q - a wand of iceblast (16)
 T - a wand of enslavement (11)
 V - a wand of random effects (30)
Scrolls
 f - a scroll of enchant weapon
 g - 4 scrolls of holy word
 h - 32 scrolls of remove curse
 j - 10 scrolls of teleportation
 m - 3 scrolls of immolation
 K - 6 scrolls of blinking
 L - a scroll of brand weapon
 N - 18 scrolls of identify
 P - 3 scrolls of fear
 R - 5 scrolls of fog
Potions
 e - 3 potions of might
 i - 11 potions of curing
 p - 6 potions of ambrosia
 q - 9 potions of brilliance
 r - 6 potions of heal wounds
 s - 3 potions of invisibility
 w - 3 potions of haste
 B - a potion of magic
 D - 3 potions of mutation
 H - 10 potions of agility
 O - 7 potions of resistance
Miscellaneous
 a - a lamp of fire
 F - a fan of gales
 S - 3 phantom mirrors
 W - a phial of floods
Comestibles
 d - 19 rations


   Skills:
 + Level 14.1 Fighting
 - Level 9.0 Short Blades
 + Level 13.1 Maces & Flails
 - Level 10.0 Polearms
 - Level 7.6 Armour
 + Level 11.4 Dodging
 - Level 2.1 Stealth
 * Level 13.8 Spellcasting
 + Level 14.9 Conjurations
   Level 0.7 Transmutations
 * Level 16.0 Fire Magic
 + Level 16.6 Earth Magic
 + Level 7.5 Evocations


You had 6 spell levels left.
You knew the following spells:

 Your Spells              Type           Power        Failure   Level  Hunger
a - Shatter               Erth           #######...   34%         9    #######
b - Stone Arrow           Conj/Erth      ######       1%          3    None
c - Lee's Rapid Deconstr  Erth           #######...   1%          5    ##.....
d - Fireball              Conj/Fire      #######...   1%          5    ##.....
f - Bolt of Fire          Conj/Fire      #######...   1%          6    ####...
g - Ignition              Fire           #######...   4%          8    #######
k - Iron Shot             Conj/Erth      #######...   1%          6    ####...

Your spell library contained the following spells:

 Spells                   Type           Power        Failure   Level  Hunger
 Tornado                  Air            ###.......   100%        9    #######
 Beastly Appendage        Tmut           ####..       1%          1    None
 Flame Tongue             Conj/Fire      #####        1%          1    None
 Magic Dart               Conj           ####         1%          1    None
 Sandblast                Erth           ######       1%          1    None
 Shock                    Conj/Air       ####         1%          1    None
 Sting                    Conj/Pois      ####         1%          1    None
 Passwall                 Tmut/Erth      ######..     1%          2    None
 Searing Ray              Conj           ######       1%          2    None
 Throw Flame              Conj/Fire      ######       1%          2    None
 Conjure Flame            Conj/Fire      #######.     1%          3    None
 Dazzling Spray           Conj/Hex       ######       1%          3    None
 Ignite Poison            Fire/Tmut/Pois ######..     1%          3    None
 Inner Flame              Hex/Fire       ######..     1%          3    None
 Mephitic Cloud           Conj/Pois/Air  ######..     1%          3    None
 Static Discharge         Conj/Air       ######..     1%          3    None
 Force Lance              Conj/Tloc      ######..     1%          4    None
 Fulminant Prism          Conj/Hex       ######....   1%          4    None
 Iskenderun's Mystic Bla  Conj           #######.     1%          4    None
 Leda's Liquefaction      Hex/Erth       ######....   1%          4    None
 Petrify                  Tmut/Erth      ######..     1%          4    None
 Sticky Flame             Conj/Fire      #######.     1%          4    None
 Bolt of Magma            Conj/Fire/Erth #######...   1%          5    ##.....
 Borgnjor's Vile Clutch   Necr/Erth      ######....   1%          5    ##.....
 Irradiate                Conj/Tmut      ######....   1%          5    ##.....
 Lightning Bolt           Conj/Air       ######....   1%          5    ##.....
 Venom Bolt               Conj/Pois      ######....   1%          5    ##.....
 Animate Skeleton         Necr           N/A          2%          1    None
 Apportation              Tloc           ###...       2%          1    None
 Confusing Touch          Hex            ###...       2%          1    None
 Corona                   Hex            ###....      2%          1    None
 Infusion                 Chrm           ###.         2%          1    None
 Summon Butterflies       Summ           ###.....     2%          1    None
 Summon Small Mammal      Summ           ###.         2%          1    None
 Blink                    Tloc           N/A          2%          2    None
 Call Imp                 Summ           ###.....     2%          2    None
 Ensorcelled Hibernation  Hex/Ice        ###...       2%          2    None
 Poisonous Vapours        Pois/Air       ###...       2%          2    None
 Shroud of Golubria       Chrm/Tloc      ###...       2%          2    None
 Slow                     Hex            ###.....     2%          2    None
 Song of Slaying          Chrm           ###.....     2%          2    None
 Sticks to Snakes         Tmut           ####....     2%          2    None
 Swiftness                Chrm/Air       ###.....     2%          2    None
 Poison Arrow             Conj/Pois      ######....   3%          6    ####...
 Spider Form              Tmut/Pois      ####......   4%          3    None
 Airstrike                Air            ###.......   4%          4    None
 Olgreb's Toxic Radiance  Pois           ###.....     4%          4    None
 Call Canine Familiar     Summ           ###.....     5%          3    None
 Confuse                  Hex            ###.....     5%          3    None
 Gell's Gravitas          Tloc           ###.......   5%          3    None
 Recall                   Summ/Tloc      N/A          5%          3    None
 Regeneration             Chrm/Necr      ###.......   5%          3    None
 Spectral Weapon          Hex/Chrm       ###.....     5%          3    None
 Tukima's Dance           Hex            ###.....     5%          3    None
 Yara's Violent Unravell  Hex/Tmut       ####......   10%         5    ##.....
 Ice Form                 Ice/Tmut       ####....     14%         4    None
 Animate Dead             Necr           N/A          16%         4    None
 Summon Ice Beast         Ice/Summ       ###.....     16%         4    None
 Blade Hands              Tmut           ####......   30%         5    ##.....
 Aura of Abjuration       Summ           ###.......   38%         5    ##.....
 Metabolic Englaciation   Hex/Ice        ###.......   38%         5    ##.....
 Silence                  Hex/Air        ###.......   38%         5    ##.....
 Summon Demon             Summ           ###.......   38%         5    ##.....
 Summon Forest            Summ/Tloc      ###.......   38%         5    ##.....
 Summon Mana Viper        Hex/Summ       ###.....     38%         5    ##.....
 Hydra Form               Tmut           ####......   80%         6    ####...
 Death Channel            Necr           ###.......   88%         6    ####...
 Deflect Missiles         Chrm/Air       ###.......   88%         6    ####...
 Shadow Creatures         Summ           N/A          88%         6    ####...
 Simulacrum               Ice/Necr       ###.......   88%         6    ####...
 Lehudib's Crystal Spear  Conj/Erth      #######...   4%          8    #######
 Ring of Flames           Chrm/Fire      ######....   41%         7    ######.
 Fire Storm               Conj/Fire      #######...   47%         9    #######
 Chain Lightning          Conj/Air       ######....   63%         8    #######
 Dragon Form              Tmut           ####......   100%        7    ######.
 Haunt                    Necr/Summ      ###.......   100%        7    ######.
 Summon Hydra             Summ           ###.......   100%        7    ######.
 Borgnjor's Revivificati  Necr           ###.......   100%        8    #######
 Death's Door             Chrm/Necr      ###.......   100%        8    #######
 Infestation              Necr           ###.......   100%        8    #######
 Necromutation            Tmut/Necr      ####......   100%        8    #######
 Glaciate                 Conj/Ice       ######....   100%        9    #######
 Statue Form              Tmut/Erth      Unusable     N/A         6    N/A

Dungeon Overview and Level Annotations

Branches:
Dungeon (15/15)            Temple (1/1) D:6            Lair (6/6) D:9
 Shoals (4/4) Lair:4       Spider (4/4) Lair:4        Slime (0/5) Lair:5
    Orc (2/2) D:12            Elf (3/3) Orc:2        Vaults (4/5) D:13
  Crypt (2/3) Vaults:2     Depths (0/5) D:15

Altars:
Ashenzari
Cheibriados
Dithmenos
Elyvilon
Fedhas
Gozag
Hepliaklqana
Kikubaaqudgha
Makhleb
Nemelex Xobeh
Okawaru
Qazlal
Ru
Sif Muna
Trog
Uskayaw
Vehumet
Wu Jian
Xom
Yredelemnul
Zin
The Shining One
Beogh
Jiyva

Shops:
D:8 }(}(   Orc:1 =?   Orc:2 }}(   Elf:1 }   Elf:2 [   Elf:3 !   Shoals:1 *
Shoals:4 [   Vaults:1 }

Annotations:
D:4 3 runed translucent doors, Akello's ghost, amateur GnEE
D:5 1 runed translucent door, Bapho's ghost, amateur DEWz
D:15 1 runed translucent door, waddelsworth's ghost, journeyman MiBe
Elf:1 6 runed translucent doors, waddelsworth's ghost, journeyman MiBe
Elf:2 5 runed translucent doors


Innate Abilities, Weirdness & Mutations

You are resistant to torment.
Your stone body is resilient. (AC +16)
You are immune to poison.
Your large and strong wings let you fly indefinitely.
You resist negative energy. (rN+)
You are resistant to electric shocks. (rElec)
You can survive without breathing.
You are immune to petrification.
You are immune to rotting.
You are surrounded by a mild repulsion field. (EV +2)
Your spells are a little harder to cast, but a little more powerful.


Message History

Unknown command.
The vampire knight gestures at you while chanting.
You easily resist.
The vampire knight points at you and mumbles some strange words.
You suddenly lose the ability to move!
The phantasmal warrior hits you but does no damage.
The vampire knight blinks!
The phantasmal warrior hits you but does no damage.
The vampire knight hits you with a +0 great sword!!
* * * LOW HITPOINT WARNING * * *
The vampire knight bites you but does no damage.
The phantasmal warrior hits you but does no damage.
The vampire knight hits you with a +0 great sword.
* * * LOW HITPOINT WARNING * * *
The vampire knight bites you but does no damage.
The phantasmal warrior hits you!!
* * * LOW HITPOINT WARNING * * *
The vampire knight hits you but does no damage.
The vampire knight bites you!
You die...

#.#.## ... ...
###....# ..#.
#......# #......#
#...#<## ###.#.#
#.#.# #####
#.#.#########...#
#.........W@....#
#.#.########V...#
##...## #....#
#.....# ####.#
#.....# #.#
#.....# #.#
##.#.## #.#
###.#.# #..
#...#.# #..


You could see a vampire knight and a phantasmal warrior.

Vanquished Creatures
  Mara (Spider:4)
  Bai Suzhen (Crypt:2)
  Jory (Vaults:4)
  Arachne (Spider:2)
  Jorgrun (D:15)
  4 deep elf master archers (Elf:3)
  2 deep elf blademasters (Elf:3)
  Polyphemus (Shoals:4)
  2 sphinxes (Vaults:3)
  2 ancient champions
  Agnes (Spider:4)
  Kirke (D:15)
  5 tengu reavers
  Roxanne (Spider:4)
  A storm dragon (Elf:1)
  2 revenants (Crypt:1)
  Ilsuiw (Shoals:2)
  4 vault wardens
  3 frost giants
  6 deep elf sorcerers
  Louise (Shoals:2)
  5 ghost moths (Spider:4)
  A reaper (Crypt:2)
  5 ghouls (Crypt:2)
  7 emperor scorpions
  5 deep elf elementalists (Elf:3)
  10 ironheart preservers
  3 very ugly things (Vaults:3)
  4 stone giants
  8 deep elf demonologists
  4 vampire knights
  3 entropy weavers
  Nessos (Lair:4)
  5 deep elf annihilators
  A minotaur (Gauntlet)
  Azrael (Spider:1)
  3 spark wasps
  10 merfolk impalers
  The ghost of Ge0ff the Destroyer, a journeyman TeFE of Sif Muna (Shoals:3)
  12 merfolk javelineers
  3 eidola
  An ettin (Vaults:4)
  6 jiangshi
  6 deep elf death magi
  2 blizzard demons (IceCv)
  5 fire dragons
  9 yaktaur captains
  2 rakshasas
  2 great orbs of eyes
  6 deep elf high priests
  Harold (D:8)
  Erolcha (Orc:2)
  A vault guard (Vaults:4)
  2 merfolk avatars
  6 ice dragons
  The ghost of Mrkan the Summoner, a journeyman GnSu of Ashenzari (D:10)
  4 hydras
  Erica (D:8)
  A catoblepas (Shoals:4)
  6 ogre magi
  14 two-headed ogres
  7 centaur warriors
  13 dancing weapons
  10 merfolk aquamancers
  2 death knights (Vaults:2)
  2 alligator snapping turtles
  A deep troll shaman (Vaults:3)
  2 death yaks (Shoals:4)
  An orc high priest (Elf:3)
  A death scarab (Gauntlet)
  2 tengu warriors
  2 vampire magi
  A deep troll earth mage (D:12)
  18 deep elf knights
  4 shadow wraiths
  A fire crab (Lair:6)
  7 skeletal warriors
  11 sea snakes
  8 deep trolls
  5 unseen horrors
  3 wizards
  2 unseen horrors (shapeshifter)
  A shadow demon (Abyss:3)
  An orange crystal statue (D:12)
  17 harpies
  16 orc knights
  12 deep elf archers
  7 phantasmal warriors (Crypt:2)
  An obsidian statue (D:12)
  A shadow dragon zombie (Crypt:1)
  13 ironbrand convokers
  A harpy (shapeshifter) (Vaults:1)
  11 orb spiders
  8 fauns
  43 deep elf magi
  A wolf spider zombie (D:13)
  14 orc sorcerers
  3 necromancers
  27 wolf spiders
  An iron dragon zombie (Abyss:3)
  9 manticores
  45 ugly things
  2 worldbinders (Abyss:3)
  2 moths of wrath (Shoals:3)
  11 cyclopes
  2 human zombies
  An iron dragon skeleton (Crypt:1)
  2 centaur zombies
  A cyclops (shapeshifter) (Vaults:3)
  6 black mambas
  10 vault sentinels
  8 merfolk sirens
  3 molten gargoyles (Lair:6)
  2 kobold demonologists
  The ghost of Mithandil the Magician, a novice DECj of Vehumet (D:6)
  11 spiny frogs
  11 water nymphs
  A dire elephant skeleton (Crypt:1)
  4 elephants (Lair:6)
  3 gargoyles
  3 rime drakes (Lair:3)
  36 yaktaurs
  A black draconian zombie (Crypt:1)
  A yellow draconian zombie (Crypt:2)
  An efreet (D:14)
  14 freezing wraiths
  A hellion (Abyss:3)
  8 komodo dragons
  A rime drake (shapeshifter) (Vaults:2)
  2 anaconda simulacra (IceCv)
  7 ice devils (IceCv)
  11 demonic crawlers
  A black draconian skeleton (Crypt:1)
  18 merfolk
  2 tengu conjurers (D:14)
  5 trolls
  A wolf spider simulacrum (D:15)
  A queen bee (Lair:2)
  A troll (shapeshifter) (D:13)
  6 wind drakes
  31 jumping spiders
  9 hornets
  15 slime creatures
  3 blink frogs (Lair:2)
  A blink frog (shapeshifter) (Vaults:1)
  An ice dragon zombie (Crypt:1)
  A hippogriff (shapeshifter) (Vaults:1)
  6 hippogriffs
  A spectral dream sheep (Gauntlet)
  A bog body (Crypt:2)
  13 snapping turtles
  3 dream sheep
  A raiju (Abyss:3)
  Sigmund (D:3)
  18 flying skulls
  77 redbacks
  3 dire elephant simulacra (IceCv)
  A spriggan (Lair:4)
  An air elemental (Elf:1)
  2 shadows
  A vampire (D:14)
  44 tarantellas
  3 wyverns
  7 fire elementals
  2 hogs (D:15)
  12 water elementals
  7 wraiths
  6 basilisks
  A steam dragon (D:10)
  24 yaks
  A basilisk (shapeshifter) (Vaults:4)
  2 death yak simulacra (IceCv)
  3 hungry ghosts
  A neqoxec (Abyss:3)
  A human simulacrum (Vaults:4)
  7 vampire mosquitoes
  3 harpy simulacra (IceCv)
  A spatial vortex (Abyss:3)
  5 wargs
  An acid dragon (D:15)
  9 water moccasins
  A faun zombie (Crypt:1)
  10 hell hounds
  6 hydra simulacra (IceCv)
  8 porcupines
  31 orc warriors
  4 sky beasts
  An alligator simulacrum (IceCv)
  A floating eye (shapeshifter) (Vaults:1)
  A black bear (D:7)
  An eye of draining (D:13)
  3 phantoms
  A dream sheep zombie (Crypt:2)
  8 ice beasts
  An ettin simulacrum (IceCv)
  A manticore skeleton (Crypt:1)
  22 ogres
  10 centaurs
  31 wolves
  5 crocodiles
  2 big kobolds
  A human skeleton (Vaults:4)
  A yaktaur zombie (Crypt:2)
  19 bullfrogs
  A gnoll sergeant (D:9)
  Blork the orc (D:5)
  A wyvern zombie (Crypt:2)
  4 earth elementals
  A scorpion (shapeshifter) (Vaults:2)
  6 scorpions
  A spectral wolf (Crypt:2)
  25 killer bees
  16 wights
  3 howler monkeys
  A spriggan skeleton (Crypt:2)
  3 electric eels
  5 crimson imps
  3 draconian simulacra (IceCv)
  5 lava snakes (Lair:6)
  2 bullfrog zombies
  2 quasits
  A black bear zombie (Crypt:1)
  26 orc priests
  4 centaur skeletons
  4 hounds
  A jelly (shapeshifter) (Vaults:1)
  6 jellies
  38 orc wizards
  Crazy Yiuf (D:3)
  4 bullfrog skeletons
  Jessica (D:2)
  2 iguanas
  3 small abominations
  A spriggan simulacrum (IceCv)
  16 worker ants
  6 troll simulacra (IceCv)
  A centaur simulacrum (IceCv)
  A hound zombie (D:8)
  A tengu skeleton (Crypt:2)
  3 hound skeletons
  A howler monkey zombie (D:6)
  7 gnolls (D:9)
  3 ogre simulacra (IceCv)
  9 adders
  A hound simulacrum (D:6)
  2 shadow imps
  5 white imps
  5 ufetubi (IceCv)
  An ooze (D:3)
  An adder zombie (D:9)
  A halfling zombie (Crypt:1)
  An adder skeleton (D:10)
  4 leopard geckos
  101 orcs
  6 bats
  6 giant cockroaches
  5 goblins
  9 hobgoblins
  10 jackals
  4 quokkas
  A ball python (D:6)
  A frilled lizard (D:2)
  2 jackal zombies
  14 kobolds
  A kobold zombie (Crypt:1)
  A leopard gecko skeleton (D:7)
  3 rats
  A rat skeleton (Crypt:1)
  2 bushes (Lair:4)
  A crawling corpse (Elf:3)
  A fungus (Lair:3)
  4 plants (Shoals:4)
1661 creatures vanquished.

Vanquished Creatures (others)
  A centaur skeleton (D:15)
  A redback (Spider:1)
  4 humans (D:15)
  2 orc wizards (Orc:2)
  A fire vortex (Vaults:2)
  2 plants (Shoals:4)
  2 withered plants (D:15)
13 creatures vanquished.

Grand Total: 1674 creatures vanquished

Notes
Turn   | Place    | Note
-------+----------+-------------------------------------------
     0 | D:1      | LemonEater the Gargoyle Earth Elementalist began the quest
                  | for the Orb.
     0 | D:1      | Reached XP level 1. HP: 10/10 MP: 3/3
   126 | D:1      | Reached XP level 2. HP: 14/15 MP: 3/5
   589 | D:1      | Found a glowing golden altar of the Shining One.
  1245 | D:2      | Reached XP level 3. HP: 17/19 MP: 6/6
  1250 | D:2      | Learned a level 3 spell: Stone Arrow
  1425 | D:2      | Found a glowing golden altar of the Shining One.
  1426 | D:2      | Noticed a scorpion
  1430 | D:2      | Killed a scorpion
  1430 | D:2      | Reached skill level 1 in Conjurations
  1430 | D:2      | Reached XP level 4. HP: 24/24 MP: 2/8
  1670 | D:2      | Noticed Jessica
  1681 | D:2      | Killed Jessica
  1681 | D:2      | Reached skill level 5 in Earth Magic
  1681 | D:2      | Reached XP level 5. HP: 23/28 MP: 5/9
  1688 | D:2      | Learned a level 5 spell: Lee's Rapid Deconstruction
  2311 | D:3      | Found a sacrificial altar of Ru.
  2347 | D:3      | Noticed Sigmund
  2355 | D:3      | Killed Sigmund
  2355 | D:3      | Reached XP level 6. HP: 32/32 MP: 4/11
  2447 | D:3      | Found an ornate altar of the Wu Jian Council.
  2580 | D:3      | Found a runed translucent door.
  2581 | D:3      | Noticed Crazy Yiuf
  2586 | D:3      | Killed Crazy Yiuf
  2879 | D:4      | Noticed a phantom
  2885 | D:4      | Killed a phantom
  2885 | D:4      | Reached XP level 7. HP: 30/36 MP: 5/13
  3059 | D:4      | Found a runed translucent gate.
  3059 | D:4      | Found a runed translucent gate.
  3059 | D:4      | Found a runed translucent gate.
  3062 | D:4      | Noticed Akello's ghost (amateur GnEE)
  3079 | D:4      | Found a shattered altar of Ashenzari.
  3551 | D:5      | Entered Level 5 of the Dungeon
  3561 | D:5      | Found a runed translucent door.
  3561 | D:5      | Noticed Bapho's ghost (amateur DEWz)
  3773 | D:5      | Noticed Blork the orc
  3868 | D:5      | Found an opulent altar of Gozag.
  3868 | D:5      | Found a glowing silver altar of Zin.
  4078 | D:5      | Killed Blork the orc
  4081 | D:5      | Learned a level 1 spell: Apportation
  4099 | D:5      | Found a deep blue altar of Sif Muna.
  4223 | D:6      | Found a staircase to the Ecumenical Temple.
  4230 | Temple   | Entered the Ecumenical Temple
  4318 | Temple   | Became a worshipper of Vehumet
  4356 | D:6      | Reached skill level 5 in Spellcasting
  4356 | D:6      | Reached skill level 5 in Conjurations
  4356 | D:6      | Reached XP level 8. HP: 28/41 MP: 7/15
  4613 | D:6      | Reached skill level 1 in Fighting
  4709 | D:6      | Reached skill level 1 in Armour
  4861 | D:6      | Reached skill level 1 in Maces & Flails
  5188 | D:6      | Found a runed translucent gate.
  5189 | D:6      | Found a runed translucent gate.
  5190 | D:6      | Found a runed translucent gate.
  5360 | D:6      | Noticed Mithandil's ghost (novice DECj)
  5395 | D:6      | Reached XP level 9. HP: 49/49 MP: 11/17
  5400 | D:6      | Killed Mithandil's ghost
  5461 | D:6      | Reached * piety under Vehumet
  5461 | D:6      | Offered knowledge of Freeze by Vehumet.
  5753 | D:6      | Found an ancient bone altar of Kikubaaqudgha.
  5815 | D:6      | Found a stormy altar of Qazlal.
  5815 | D:6      | Found a blossoming altar of Fedhas.
  6520 | D:7      | Found a sparkling altar of Nemelex Xobeh.
  6779 | D:8      | Noticed Erica
  6911 | D:8      | Noticed a two-headed ogre
  6921 | D:8      | Killed a two-headed ogre
  6921 | D:8      | Reached XP level 10. HP: 24/57 MP: 12/19
  7081 | D:8      | Noticed Harold
  7259 | D:8      | Killed Harold
  7265 | D:8      | Found Ydwon's Gadget Shop.
  7297 | D:8      | Killed Erica
  7297 | D:8      | Reached skill level 5 in Fighting
  7297 | D:8      | Reached skill level 5 in Armour
  7402 | D:8      | Found Tidaezygg's Weapon Shop.
  7445 | D:8      | Found Daadotw Nyis's Weapon Emporium.
  7471 | D:8      | Offered knowledge of Flame Tongue by Vehumet.
  7519 | D:8      | Reached ** piety under Vehumet
  7715 | D:8      | Found Voted's Gadget Shoppe.
  8055 | D:9      | Learned a level 5 spell: Fireball
  8057 | D:9      | Found a basalt altar of Yredelemnul.
  8075 | D:9      | Reached XP level 11. HP: 44/64 MP: 2/21
  8290 | D:9      | Found a staircase to the Lair.
  8687 | D:9      | Reached skill level 5 in Maces & Flails
  8931 | D:10     | Entered Level 10 of the Dungeon
  9100 | D:9      | Offered knowledge of Searing Ray by Vehumet.
  9137 | D:9      | Found a hazy altar of Hepliaklqana.
  9316 | D:10     | Reached skill level 10 in Earth Magic
  9371 | D:10     | Reached *** piety under Vehumet
  9498 | D:10     | Found a runed translucent gate.
  9498 | D:10     | Found a runed translucent gate.
  9498 | D:10     | Found a runed translucent gate.
  9503 | D:10     | Reached skill level 1 in Fire Magic
  9509 | D:10     | Noticed Mrkan's ghost (journeyman GnSu)
  9523 | D:10     | Identified the +11 rapier of Disintegration {pierce, Dex+2}
  9523 | D:10     | Identified the +0 plate armour of the Poles {Dex+4}
  9527 | D:10     | Noticed a tengu warrior
  9599 | D:10     | Killed a tengu warrior
  9728 | D:10     | Found a roughly hewn altar of Beogh.
 10120 | D:10     | Reached skill level 5 in Dodging
 10206 | D:10     | Offered knowledge of Throw Icicle by Vehumet.
 10627 | D:10     | Killed Mrkan's ghost
 10689 | D:10     | Got a fine helmet
 10700 | D:10     | Identified the cursed -1 helmet of Cocytus {Dex+3} (You
                  | found it on level 10 of the Dungeon)
 10771 | D:11     | Noticed a white ugly thing
 10785 | D:11     | Noticed a manticore
 10793 | D:11     | Gained mutation: You are surrounded by a mild repulsion
                  | field. (EV +2) [potion of mutation]
 10793 | D:11     | Gained mutation: Your spells are a little harder to cast,
                  | but a little more powerful. [potion of mutation]
 10793 | D:11     | Gained mutation: Your large and strong wings let you fly
                  | indefinitely. [potion of mutation]
 10795 | D:11     | Killed a red ugly thing
 10799 | D:11     | Killed a manticore
 10949 | D:11     | Noticed a two-headed ogre
 10957 | D:11     | Killed a two-headed ogre
 10957 | D:11     | Reached **** piety under Vehumet
 11155 | D:11     | Noticed a red ugly thing
 11160 | D:11     | Killed a red ugly thing
 11160 | D:11     | Reached XP level 12. HP: 71/71 MP: 6/23
 11339 | D:11     | Offered knowledge of Bolt of Magma by Vehumet.
 11352 | D:11     | Learned a level 5 spell: Bolt of Magma
 11549 | D:11     | Found the macabre finger necklace {rN+}
 11993 | D:12     | Identified Ajugri's Catalogue of Air
 12156 | D:12     | Found a staircase to the Orcish Mines.
 12289 | D:12     | Reached skill level 5 in Fire Magic
 12480 | D:12     | Noticed a tengu warrior
 12481 | D:12     | Noticed a deep troll earth mage
 12498 | D:12     | Killed a tengu warrior
 12500 | D:12     | Noticed a centaur warrior
 12502 | D:12     | Killed a deep troll earth mage
 12505 | D:12     | Killed a centaur warrior
 13066 | D:12     | Reached XP level 13. HP: 76/76 MP: 25/25
 13148 | D:12     | Found the ring of the Octopus King
 13155 | D:12     | Got a ring of the Octopus King
 13157 | D:12     | Identified a ring of the Octopus King {MP+9 AC+1 EV+1 Str+1
                  | Int+1 Dex+1} (You found it on level 12 of the Dungeon)
 13851 | D:13     | Reached skill level 5 in Short Blades
 13862 | D:13     | Reached ***** piety under Vehumet
 13978 | D:13     | Found a gate to the Vaults.
 14153 | D:13     | Offered knowledge of Bolt of Cold by Vehumet.
 14734 | D:13     | Learned a level 6 spell: Bolt of Cold
 16062 | Lair:1   | Entered Level 1 of the Lair of Beasts
 16118 | Lair:1   | Found a gate leading to a gauntlet.
 16131 | Gauntlet | Entered a Gauntlet
 16131 | Gauntlet | Found a transporter.
 16141 | Gauntlet | Found a transporter.
 16149 | Gauntlet | Found a transporter.
 16151 | Gauntlet | Found a transporter.
 16160 | Gauntlet | Found a transporter.
 16174 | Gauntlet | Noticed an ettin
 16174 | Gauntlet | a queen ant changed into an ettin
 16175 | Gauntlet | Found a transporter.
 16185 | Gauntlet | Found a transporter.
 16195 | Gauntlet | Found a transporter.
 16211 | Gauntlet | Found a transporter.
 16226 | Gauntlet | Found a transporter.
 16236 | Gauntlet | Found a transporter.
 16275 | Gauntlet | Found a transporter.
 16289 | Gauntlet | Found a transporter.
 16299 | Gauntlet | Found a transporter.
 16331 | Gauntlet | Noticed a minotaur
 16349 | Gauntlet | Noticed a storm dragon
 16349 | Gauntlet | a seven-headed hydra changed into a storm dragon
 16352 | Gauntlet | a storm dragon changed into a death yak
 16357 | Gauntlet | Noticed a green draconian
 16357 | Gauntlet | a death yak changed into a green draconian
 16506 | Gauntlet | Reached skill level 1 in Evocations
 16609 | Gauntlet | Got a heavily runed crystal amulet
 16610 | Gauntlet | Identified the amulet "Piriuzidij" {RegenMP *Contam rPois
                  | Str+4 Stlth+} (You found it in a Gauntlet)
 16648 | Gauntlet | Noticed a minotaur
 16655 | Gauntlet | Killed a minotaur
 16655 | Gauntlet | Mutation became permanent: Your large and strong wings let
                  | you fly indefinitely. [Gargoyle growth]
 16655 | Gauntlet | Gained mutation: Your large and strong wings let you fly
                  | indefinitely. [Gargoyle growth]
 16655 | Gauntlet | Reached XP level 14. HP: 55/83 MP: 10/26
 18344 | Lair:3   | Offered knowledge of Ozocubu's Refrigeration by Vehumet.
 19070 | Lair:4   | Noticed Nessos
 19089 | Lair:4   | Killed Nessos
 19089 | Lair:4   | Reached skill level 10 in Conjurations
 19267 | Lair:4   | Found a staircase to the Shoals.
 19657 | Lair:4   | Learned a level 5 spell: Irradiate
 19853 | Lair:4   | Found a hole to the Spider Nest.
 20220 | Lair:5   | Found a staircase to the Slime Pits.
 20221 | Lair:5   | Found a viscous altar of Jiyva.
 20867 | Lair:6   | Entered Level 6 of the Lair of Beasts
 21426 | Lair:6   | Identified the +3 leather armour of Imperfection {rElec rC-
                  | Int+5 Stlth+} (You found it on level 6 of the Lair of
                  | Beasts)
 21892 | Lair:6   | Found a large runed translucent door.
 21892 | Lair:6   | Found a large runed translucent door.
 21910 | Lair:6   | Reached XP level 15. HP: 68/89 MP: 14/28
 21911 | Lair:6   | Offered knowledge of Conjure Ball Lightning by Vehumet.
 22629 | Orc:1    | Entered Level 1 of the Orcish Mines
 23022 | Orc:1    | Found Amankime's Magic Scroll Shoppe.
 23032 | Orc:1    | Bought a scroll of teleportation for 42 gold pieces
 23032 | Orc:1    | Bought a scroll of identify for 28 gold pieces
 23032 | Orc:1    | Bought a scroll of fog for 28 gold pieces
 23032 | Orc:1    | Bought a scroll of blinking for 105 gold pieces
 23119 | Orc:1    | Found Measez's Jewellery Shop.
 23197 | Orc:1    | You are sucked into a shaft and drop 1 floor!
 23197 | Orc:2    | Entered Level 2 of the Orcish Mines
 23430 | Orc:2    | Found a staircase to the Elven Halls.
 23824 | Orc:2    | Reached ****** piety under Vehumet
 23838 | Orc:2    | Found Bood's Gadget Emporium.
 23843 | Orc:2    | Paralysed by an orc sorcerer for 2 turns
 23935 | Orc:2    | Found Kicul's Gadget Shoppe.
 23974 | Orc:2    | Found an ancient bone altar of Kikubaaqudgha.
 24066 | Orc:2    | Noticed Erolcha
 24110 | Orc:2    | Killed Erolcha
 24153 | Orc:2    | Found a radiant altar of Vehumet.
 24185 | Orc:2    | Found a roughly hewn altar of Beogh.
 24185 | Orc:2    | Found Ytuihes's Antique Weapon Emporium.
 24251 | Orc:2    | Found Miederr's Distillery.
 24269 | Orc:2    | Bought a potion of brilliance for 64 gold pieces
 24269 | Orc:2    | Bought a potion of heal wounds for 80 gold pieces
 24269 | Orc:2    | Bought a potion of invisibility for 128 gold pieces
 24269 | Orc:2    | Bought 2 potions of resistance for 320 gold pieces
 24269 | Orc:2    | Bought 2 potions of agility for 128 gold pieces
 24269 | Orc:2    | Bought a potion of curing for 48 gold pieces
 24269 | Orc:2    | Bought a potion of haste for 160 gold pieces
 24269 | Orc:2    | Bought a potion of curing for 48 gold pieces
 24269 | Orc:2    | Bought a potion of brilliance for 64 gold pieces
 24269 | Orc:2    | Bought a potion of haste for 160 gold pieces
 24269 | Orc:2    | Bought a potion of agility for 64 gold pieces
 24269 | Orc:2    | Bought a potion of resistance for 160 gold pieces
 24269 | Orc:2    | Bought a potion of magic for 128 gold pieces
 24754 | D:15     | Entered Level 15 of the Dungeon
 24755 | D:15     | Noticed Kirke
 24756 | D:15     | Offered knowledge of Iron Shot by Vehumet.
 24761 | D:15     | Noticed a sphinx
 24761 | D:15     | Killed Kirke
 25179 | D:15     | Found a staircase to the Depths.
 25367 | D:15     | Found a runed translucent door.
 25367 | D:15     | Noticed waddelsworth's ghost (journeyman MiBe)
 25507 | D:15     | Noticed Jorgrun
 25513 | D:15     | Killed Jorgrun
 25809 | D:15     | Learned a level 6 spell: Iron Shot
 26043 | Elf:1    | Entered Level 1 of the Elven Halls
 26519 | Elf:1    | Found Jootoecs's Gadget Boutique.
 26867 | Elf:1    | Reached skill level 5 in Evocations
 26867 | Elf:1    | Reached XP level 16. HP: 53/97 MP: 29/29
 26868 | Elf:1    | Cast into level 3 of the Abyss (a deep elf demonologist)
 26885 | Elf:1    | Escaped the Abyss
 27705 | Elf:1    | Offered knowledge of Bolt of Fire by Vehumet.
 27726 | Elf:1    | Learned a level 6 spell: Bolt of Fire
 27764 | Elf:1    | Found a runed translucent gate.
 27764 | Elf:1    | Found a runed translucent gate.
 27764 | Elf:1    | Found a runed translucent gate.
 27766 | Elf:1    | Noticed waddelsworth's ghost (journeyman MiBe)
 28164 | Elf:1    | Reached skill level 10 in Fighting
 28290 | Elf:1    | Noticed a Brimstone Fiend
 28290 | Elf:1    | Reached skill level 10 in Spellcasting
 28301 | Elf:1    | Noticed an Ice Fiend
 28424 | Elf:1    | Found a runed translucent gate.
 28424 | Elf:1    | Found a runed translucent gate.
 28424 | Elf:1    | Found a runed translucent gate.
 28424 | Elf:1    | Found a runed translucent gate.
 28424 | Elf:1    | Found a runed translucent gate.
 28425 | Elf:1    | Found a runed translucent gate.
 28438 | Elf:1    | Noticed a storm dragon
 28439 | Elf:1    | Noticed a shadow dragon
 28509 | Elf:1    | Killed a storm dragon
 28990 | Elf:2    | Found Plog's Armour Shoppe.
 29187 | Elf:2    | Found a huge runed translucent gate.
 29187 | Elf:2    | Found a huge runed translucent gate.
 29188 | Elf:2    | Found a huge runed translucent gate.
 29191 | Elf:2    | Found a huge runed translucent gate.
 29194 | Elf:2    | Found a huge runed translucent gate.
 29288 | Elf:2    | Reached skill level 10 in Fire Magic
 30007 | Elf:3    | Entered Level 3 of the Elven Halls
 30111 | Elf:3    | Noticed a Hell Sentinel
 30685 | Elf:3    | Found Ypsag's Distillery.
 30713 | Elf:3    | Bought a potion of heal wounds for 100 gold pieces
 30713 | Elf:3    | Bought a potion of mutation for 160 gold pieces
 30713 | Elf:3    | Bought a potion of curing for 60 gold pieces
 30713 | Elf:3    | Bought a potion of invisibility for 160 gold pieces
 30713 | Elf:3    | Bought a potion of brilliance for 80 gold pieces
 30976 | Elf:3    | Cast into level 3 of the Abyss (a deep elf demonologist)
 31105 | Elf:3    | Escaped the Abyss
 31356 | Elf:3    | Noticed a Brimstone Fiend
 31361 | Elf:3    | Noticed a deep elf blademaster
 31365 | Elf:3    | Noticed a deep elf master archer
 31369 | Elf:3    | Killed a deep elf blademaster
 31369 | Elf:3    | Reached XP level 17. HP: 97/103 MP: 10/31
 31388 | Elf:3    | Noticed a deep elf blademaster
 31734 | Elf:3    | Killed a deep elf blademaster
 31909 | Elf:3    | Reached skill level 10 in Maces & Flails
 32055 | Elf:3    | Killed a deep elf master archer
 32062 | Elf:3    | Noticed a deep elf master archer
 32067 | Elf:3    | Killed a deep elf master archer
 32091 | Elf:3    | Noticed a deep elf master archer
 32131 | Elf:3    | Identified the +3 flail "Ecurraly" {crush, rF- rN++ MP+9
                  | Int+3}
 32132 | Elf:3    | Killed a deep elf master archer
 32311 | Elf:3    | Noticed a deep elf master archer
 32323 | Elf:3    | Killed a deep elf master archer
 32387 | Elf:3    | Identified the +7 rapier "Dorph" {pain, Int+3}
 32395 | Elf:3    | Identified the +3 war axe of Purpose {holy, *Contam Int+6
                  | Stlth+}
 32622 | Elf:3    | Identified the cursed +0 ring mail of the Hills {-Cast
                  | rPois Regen+ Slay+5}
 32651 | Elf:3    | Identified the +3 robe "Judysegom" {+Fly rF+ MR-}
 33073 | Elf:3    | Offered knowledge of Freezing Cloud by Vehumet.
 33278 | Elf:3    | Identified Ciehoro's Compendium of Fetching Poison
 33311 | Elf:3    | Identified Hoemam's Grimoire of the Ghastly Escort
 33316 | Elf:3    | Identified Ynofuone's Guide on the Boosting Blaze
 33339 | Elf:3    | Got a warped hat
 33340 | Elf:3    | Identified the +1 hat of Boiling Hail {rN+ Int+4} (You
                  | found it on level 3 of the Elven Halls)
 33710 | Elf:3    | Found Ypsag's Distillery.
 34628 | Spider:1 | Entered Level 1 of the Spider Nest
 34722 | Spider:1 | Upgraded the game from 0.24-a0-500-g46574c2197 to
                  | 0.24-a0-504-gcfb02b9d07
 35341 | Spider:1 | Noticed Azrael
 35604 | Spider:1 | Killed Azrael
 35604 | Spider:1 | Reached XP level 18. HP: 90/110 MP: 14/33
 36190 | Spider:1 | Learned a level 5 spell: Irradiate
 36448 | Spider:2 | Offered knowledge of Orb of Destruction by Vehumet.
 36584 | Spider:2 | Noticed Arachne
 36595 | Spider:2 | Killed Arachne
 38275 | Spider:4 | Entered Level 4 of the Spider Nest
 38278 | Spider:4 | Noticed Agnes
 38284 | Spider:4 | Killed Agnes
 38567 | Spider:4 | Offered knowledge of Shatter by Vehumet.
 38567 | Spider:4 | Offered knowledge of Tornado by Vehumet.
 39074 | Spider:4 | Noticed Roxanne
 39079 | Spider:4 | Killed Roxanne
 40327 | Spider:3 | Learned a level 8 spell: Ignition
 40521 | Spider:4 | Reached XP level 19. HP: 67/116 MP: 10/34
 41834 | Spider:4 | Noticed Mara
 42046 | Spider:4 | Noticed LemonEater's illusion
 42050 | Spider:4 | Killed Mara
 42050 | Spider:4 | Reached skill level 15 in Earth Magic
 42223 | Spider:4 | Got a gossamer rune of Zot
 42400 | Shoals:1 | Entered Level 1 of the Shoals
 42460 | Shoals:1 | Found a frozen archway.
 42477 | IceCv    | Entered an ice cave
 43108 | IceCv    | Reached skill level 10 in Dodging
 43699 | Shoals:1 | Found Taruqut's Island Escapes.
 43707 | Shoals:1 | Bought a scroll of blinking for 97 gold pieces
 43707 | Shoals:1 | Bought a scroll of fog for 26 gold pieces
 43707 | Shoals:1 | Bought a scroll of blinking for 97 gold pieces
 43707 | Shoals:1 | Bought a potion of invisibility for 104 gold pieces
 43707 | Shoals:1 | Bought a scroll of fog for 26 gold pieces
 44825 | Shoals:2 | Noticed Louise
 45020 | Shoals:2 | Killed Louise
 45701 | Shoals:2 | Noticed Ilsuiw
 45730 | Shoals:2 | Killed Ilsuiw
 46626 | Shoals:3 | Found a transporter.
 46652 | Shoals:3 | Found a transporter.
 46666 | Shoals:3 | Identified the +4 trident of Sulphur {pierce, rElec Int+2}
 46668 | Shoals:3 | Identified the +6 trident of Kiquloen {elec, rC+ Str+4}
 46668 | Shoals:3 | Noticed Ge0ff's ghost (journeyman TeFE)
 46670 | Shoals:3 | Found a bloodstained altar of Trog.
 47218 | Shoals:3 | Killed Ge0ff's ghost
 47339 | Shoals:4 | Entered Level 4 of the Shoals
 47446 | Shoals:4 | Reached XP level 20. HP: 103/124 MP: 8/36
 47849 | Shoals:4 | Found Esejoice's Armour Boutique.
 47998 | Shoals:4 | Got a scintillating pewter amulet
 47999 | Shoals:4 | Identified the amulet "Qeosturi" {Spirit Str+2} (You found
                  | it on level 4 of the Shoals)
 48745 | Shoals:4 | Got a barnacled rune of Zot
 48764 | Shoals:4 | Noticed Polyphemus
 48771 | Shoals:4 | Killed Polyphemus
 49932 | Vaults:1 | Entered Level 1 of the Vaults
 50439 | Vaults:1 | Reached skill level 1 in Polearms
 50837 | Vaults:1 | Reached skill level 5 in Polearms
 50896 | Vaults:1 | Identified the +5 falchion of Circularity {slice, Int+4}
 50926 | Vaults:1 | Reached XP level 21. HP: 81/129 MP: 7/37
 51651 | Vaults:1 | Found Hooririr's Gadget Emporium.
 52529 | Vaults:2 | Reached skill level 10 in Polearms
 53780 | Vaults:2 | Found a staircase to the Crypt.
 54287 | Vaults:3 | Reached skill level 15 in Fire Magic
 54502 | Vaults:3 | Paralysed by a sphinx for 7 turns
 56135 | Vaults:3 | Reached XP level 22. HP: 111/136 MP: 24/39
 57817 | Vaults:4 | Noticed Jory
 57824 | Vaults:4 | Killed Jory
 58644 | Vaults:4 | Learned a level 9 spell: Shatter
 58758 | Crypt:1  | Entered Level 1 of the Crypt
 59293 | Crypt:1  | Paralysed by a vampire knight for 3 turns
 59597 | Crypt:2  | Noticed Bai Suzhen
 59603 | Crypt:2  | Killed Bai Suzhen
 59737 | Crypt:2  | Paralysed by a vampire knight for 4 turns
 60637 | Crypt:2  | Paralysed by a vampire knight for 7 turns
 60641 | Crypt:2  | HP: 5/137 [phantasmal warrior (20)]
 60641 | Crypt:2  | Slain by a vampire knight

Levels and vault maps discovered:
D:1:      lemuel_arrival_hallway, layout_basic, tso_metal_star
D:2:      layout_basic, lemuel_crystal_altar, kennysheep_generic_room_12,
          uniq_jessica
D:3:      layout_rooms, overflow_temple_1_default, marbit_many_paths,
          kennysheep_cross_bottleneck, uniq_crazy_yiuf_cottage, uniq_sigmund
D:4:      layout_loops_corners, lemuel_crystal_altar,
          gammafunk_ghost_necromancy, minmay_misc_feat_iff, minivault_11,
          kennysheep_generic_room_11
D:5:      layout_gridville, grunt_temple_overflow_gold_and_silver, tgw_sif,
          hellmonk_ghost_happy_afterlife, first_ration
D:6:      cheibrodos_helix_gallery, layout_layer_cave,
          grunt_temple_overflow_forces_of_nature,
          nicolae_overflow_crystal_walls, minmay_temple_entry_overgrown,
          gammafunk_ghost_icy
D:7:      layout_cave_pools, nemelex_xobeh_ov_fountains_minmay
D:8:      layout_basic, serial_shops, nicolae_shop_window_shopping,
          nicolae_shop_behind_doors, shop, shop, uniq_harold, uniq_erica
D:9:      layout_basic, yredelemnul_altar_generic,
          lemuel_coloured_pillars_altar, dpeg_oklobed_lair
D:10:     layout_loops_corners, biasface_ghost_orc_armoury, grunt_ogre_cave
D:11:     layout_rooms
D:12:     hourglass_vault, layout_loops_ring, orc_0_dummy, minmay_more_statues
D:13:     layout_loops_corners, erik_vaults_1, kennysheep_generic_room_5
D:14:     layout_stronghold, minmay_strange_pillars
D:15:     grunt_enter_depths_hoard, layout_loops_ring, gammafunk_ghost_grave,
          palyth_stone_intersect, uniq_jorgrun, uniq_kirke
Temple:   compressed_dpeg_triangle_lava_temple
Lair:1:   layout_cave_shapes, gauntlet_entry_generic
Lair:2:   layout_roguey, special_room [special_room_bee]
Lair:3:   layout_cave_shapes, grunt_megastairs_5
Lair:4:   layout_hall_layers, elwin_shoals_entry_rocks,
          nicolae_spider_entry_non_spiders, minmay_hedge_maze,
          hangedman_lair_unloving_vines, grunt_forest_large_clearings,
          uniq_nessos
Lair:5:   layout_gridlike, slime_altar_1, serial_bayou_pond_b,
          infiniplex_staircase_pool
Lair:6:   cheibrodos_lair_end_hotspot, layout_regular_city
Shoals:1: cheibrodos_shoals_epimethial_gifts, layout_shoals,
          portal_ice_cave_entry_pillars_four, nicolae_island_escapes
Shoals:2: layout_shoals, uniq_ilsuiw, uniq_louise
Shoals:3: layout_shoals, gammafunk_ghost_wrathful_warriors
Shoals:4: shoals_end_grunt_ice, layout_shoals, shoals_ilsuiw_alternative,
          serial_shops, shop_fountains, nicolae_shoals_loop_pool,
          uniq_polyphemus
Spider:1: layout_spider_delve, uniq_azrael
Spider:2: layout_spider_delve, uniq_arachne
Spider:3: layout_spider_delve, drop_trap, guppyfry_spider_mini_2
Spider:4: grunt_spider_rune_parallel, uniq_roxanne, uniq_mara, uniq_agnes
Orc:1:    layout_diamond_mine, serial_shops, shop, nicolae_shop_stone
Orc:2:    kennysheep_orc_mage_school, layout_diamond_mine
Elf:1:    layout_loops_corners, serial_shops, nicolae_shop_window_shopping,
          ebering_ghost_rock_garden, orc_legates
Elf:2:    layout_gridlike, serial_shops, shop
Elf:3:    minmay_elf_hall_circle, layout_loops_corners, serial_shops, shop
Vaults:1: vaults_dpeg_hooks, st_lattice, vaults_mumra_hex, vaults_mumra_lcd,
          grunt_vaults_twisty, vaults_room_grunt_arrival_ludios,
          nicolae_vaults_little_ls, v_misc_16, vaults_dpeg_ring,
          layout_vaults_quadrants, serial_shops, shop
Vaults:2: ontoclasm_vaults_twist, vaults_dpeg_doors, hangedman_vaults_pinch,
          grunt_vaults_focal, v_rooms_6, nicolae_vaults_gold_heap, v_pattern_3,
          ontoclasm_vaults_ring_square, blue_anna_dwarven_crypt,
          ontoclasm_vaults_ring_large, ontoclasm_vaults_pinch,
          vaults_standard_mumra_lines, layout_vaults_omnicross
Vaults:3: vaults_room_semicircle, vaults_dpeg_cross, v_misc_11,
          grunt_vaults_hallway_long, vaults_room_hallway, v_misc_31,
          ontoclasm_vaults_tryst, v_misc_25, nicolae_vaults_network_quincunx
          [nicolae_vaults_network_quincunx_subvault,
          nicolae_vaults_network_quincunx_subvault,
          nicolae_vaults_network_quincunx_subvault,
          nicolae_vaults_network_quincunx_subvault,
          nicolae_vaults_network_quincunx_subvault],
          nicolae_vaults_three_branches, vaults_standard_mumra_x, st_cells,
          v_alt_pattern_6, layout_vaults_maze_bifur
Vaults:4: dpeg_vaults_monster_row, nicolae_vaults_network_s,
          nicolae_vaults_windows_and_doors_thing, vaults_room_grid, v_misc_28,
          nicolae_vaults_mini_display_case, hangedman_vaults_capsules,
          nicolae_vaults_rhombus_6, layout_vaults_chaotic_city, uniq_jory
Crypt:1:  layout_misc_corridors
Crypt:2:  lemuel_vampire_tower, layout_misc_corridors, special_room
          [special_room_morgue], serial_sigils_hangedman_quiver, uniq_bai_suzhen

Skill      XL: |  1  2  3  4  5  6  7  8  9 10 11 12 13 14 15 16 17 18 19 20 21 22 |
---------------+-------------------------------------------------------------------+-----
Earth Magic    | 4 5 6 7 8 9 10 11 12 13 14 15 16 | 16.6
Spellcasting   | 3 4 5 6 7 8 9 10 11 12 13 | 13.8
Conjurations   | 1 2 3 5 6 7 8 9 10 11 12 13 14 | 14.9
Fighting       | 2 4 5 6 7 8 9 10 11 12 13 14 | 14.1
Armour         | 2 4 5 6 7 |  7.6
Maces & Flails | 2 3 4 5 6 7 8 9 10 11 12 13 | 13.1
Dodging        | 2 3 4 5 6 7 8 9 10 11 | 11.4
Fire Magic     | 3 6 7 9 10 11 13 14 15 16 | 16.0
Short Blades   | 8 9 |  9.0
Evocations     | 1 3 5 6 7 |  7.5
Polearms       | 7 10 | 10.0
Stealth        | |  2.1
Transmutations | |  0.7

Action                   |  1- 3 |  4- 6 |  7- 9 | 10-12 | 13-15 | 16-18 | 19-21 | 22-24 || total
-------------------------+-------+-------+-------+-------+-------+-------+-------+-------++-------
Melee: Mace              |    76 |    84 |   157 |     4 |       |       |       |       ||   321
       Flail             |       |       |       |    97 |       |       |       |       ||    97
       Rapier            |       |       |       |   144 |   850 |   727 |   320 |       ||  2041
       Glaive            |       |       |       |       |       |       |   348 |   274 ||   622
Throw: Throwing net      |       |       |       |     1 |       |       |       |     1 ||     2
 Cast: Sandblast         |     7 |    12 |    96 |   202 |    93 |    57 |     3 |     1 ||   471
       Stone Arrow       |     1 |     2 |     4 |    10 |     7 |    11 |       |       ||    35
       Apportation       |       |       |     2 |       |       |       |       |       ||     2
       Lee's Rapid Decon |       |       |     3 |    58 |    89 |    65 |    14 |     6 ||   235
       Bolt of Magma     |       |       |       |     2 |    37 |       |       |       ||    39
       Fireball          |       |       |       |       |    56 |    55 |    45 |       ||   156
       Iron Shot         |       |       |       |       |    11 |   130 |    84 |    46 ||   271
       Irradiate         |       |       |       |       |     3 |       |       |       ||     3
       Bolt of Fire      |       |       |       |       |       |    11 |    51 |    28 ||    90
       Ignition          |       |       |       |       |       |     5 |    95 |    16 ||   116
       Shatter           |       |       |       |       |       |       |       |     2 ||     2
 Abil: Fly               |       |       |       |       |     1 |       |       |       ||     1
Evoke: Wand              |       |       |       |       |     4 |    29 |     1 |     4 ||    38
       Lamp of fire      |       |       |       |       |       |     1 |       |     1 ||     2
       Fan of gales      |       |       |       |       |       |     1 |       |       ||     1
       Phial of floods   |       |       |       |       |       |     1 |       |       ||     1
  Use: Scroll            |     5 |     1 |     6 |    13 |    13 |    20 |     8 |     4 ||    70
       Potion            |       |       |     2 |     9 |     7 |    17 |    12 |     1 ||    48
 Stab: Sleeping          |     2 |     2 |       |     3 |     8 |     1 |     5 |       ||    21
       Distracted        |       |       |       |     1 |     2 |     2 |       |       ||     5
       Invisible         |       |       |       |       |       |     1 |       |       ||     1
  Eat: Chunk             |     2 |     5 |     8 |    22 |    50 |    32 |    95 |    18 ||   232
       Ration            |       |       |     2 |     4 |    11 |    19 |    11 |     6 ||    53
Armor: Robe              |    30 |    48 |   128 |   150 |   372 |   661 |   464 |   224 ||  2077
       Skin              |       |       |       |    39 |       |       |       |       ||    39
Dodge: Dodged            |    69 |    79 |   181 |   298 |   833 |  1074 |   755 |   286 ||  3575

Table legend:
 A = Non-vault XP
 B = Vault XP
 C = Vault XP percentage of total XP
 D = Non-vault monster count
 E = Vault monster count
 F = Vault count percentage of total count
                 A         B        C        D         E       F
            +---------+---------+-------+---------+---------+-------
      Total |  361400 |  343644 |  48.7 |    1059 |     594 |  35.9
            +---------+---------+-------+---------+---------+-------
        D:1 |      29 |       0 |   0.0 |      16 |       0 |   0.0
        D:2 |     105 |      39 |  27.1 |      16 |       2 |  11.1
        D:3 |      31 |     271 |  89.7 |       8 |       3 |  27.3
        D:4 |     200 |      40 |  16.7 |       7 |       1 |  12.5
        D:5 |      75 |      87 |  53.7 |       3 |       1 |  25.0
        D:6 |    1508 |    1121 |  42.6 |      23 |      11 |  32.4
        D:7 |     624 |       0 |   0.0 |      10 |       0 |   0.0
        D:8 |    2212 |    1916 |  46.4 |      30 |       2 |   6.2
        D:9 |    2413 |       0 |   0.0 |      47 |       0 |   0.0
       D:10 |    2959 |    1860 |  38.6 |      31 |      16 |  34.0
       D:11 |    5120 |       0 |   0.0 |      20 |       0 |   0.0
       D:12 |    6724 |    6550 |  49.3 |      38 |      11 |  22.4
       D:13 |   10373 |    2916 |  21.9 |      58 |       4 |   6.5
       D:14 |    3627 |       0 |   0.0 |      15 |       0 |   0.0
       D:15 |    9738 |    7125 |  42.3 |      24 |       6 |  20.0
     Lair:1 |     818 |       0 |   0.0 |       6 |       0 |   0.0
     Lair:2 |    3229 |    1465 |  31.2 |      14 |      20 |  58.8
     Lair:3 |    5727 |     328 |   5.4 |      17 |       3 |  15.0
     Lair:4 |    4320 |    4094 |  48.7 |      21 |      28 |  57.1
     Lair:5 |    3202 |     243 |   7.1 |      10 |       1 |   9.1
     Lair:6 |    5187 |    7252 |  58.3 |      16 |      27 |  62.8
   Shoals:1 |    7686 |    7270 |  48.6 |      12 |      11 |  47.8
   Shoals:2 |   15597 |    5537 |  26.2 |      32 |       7 |  17.9
   Shoals:3 |    8970 |    5984 |  40.0 |      21 |       7 |  25.0
   Shoals:4 |   12650 |   35185 |  73.6 |      29 |      40 |  58.0
   Spider:1 |   15827 |    2279 |  12.6 |      50 |       7 |  12.3
   Spider:2 |    7893 |    3875 |  32.9 |      24 |       1 |   4.0
   Spider:3 |   21199 |    1814 |   7.9 |      56 |       7 |  11.1
   Spider:4 |   15124 |   37022 |  71.0 |      31 |      56 |  64.4
      Orc:1 |    3851 |       0 |   0.0 |      41 |       0 |   0.0
      Orc:2 |    2213 |    7126 |  76.3 |      28 |      33 |  54.1
      Elf:1 |   12808 |   12575 |  49.5 |      23 |      26 |  53.1
      Elf:2 |   11392 |    3652 |  24.3 |      17 |       4 |  19.0
      Elf:3 |   19528 |   45993 |  70.2 |      33 |      29 |  46.8
   Vaults:1 |   39345 |   19275 |  32.9 |      69 |      32 |  31.7
   Vaults:2 |   27972 |   16415 |  37.0 |      56 |      35 |  38.5
   Vaults:3 |   21488 |   31920 |  59.8 |      37 |      32 |  46.4
   Vaults:4 |    5251 |   39208 |  88.2 |       7 |      39 |  84.8
    Crypt:1 |   22300 |       0 |   0.0 |      35 |       0 |   0.0
    Crypt:2 |   22050 |   15746 |  41.7 |      27 |      21 |  43.8
    Abyss:3 |      35 |    3130 |  98.9 |       1 |       7 |  87.5
      IceCv |       0 |    9867 | 100.0 |       0 |      52 | 100.0
   Gauntlet |       0 |    4464 | 100.0 |       0 |      12 | 100.0
            +---------+---------+-------+---------+---------+-------
